 Dungeon Crawl Stone Soup version 0.31-a0-1204-ge2c1a860ed (console) character file.

Game seed: 16310334456283674169

75908 jejorda2 the Cleaver (level 15, -11/180 HPs)
             Began as a Gnoll Berserker on Dec 12, 2023.
             Was an Elder of Trog.
             Mangled by a stone giant (17 damage)
             ... on level 12 of the Dungeon.
             The game lasted 00:55:47 (22075 turns).

jejorda2 the Cleaver (Gnoll Berserker)             Turns: 22075, Time: 00:55:48

Health: -11/180    AC: 27    Str: 25    XL:     15   Next: 51%
Magic:  29/29      EV: 11    Int:  7    God:    Trog [****..]
Gold:   976        SH:  0    Dex: 12    Spells: 34/34 levels left

rFire   . . .        a - +7 hand axe {venom, rF- rC+ Str+2}
rCold   + . .        (no shield)
rNeg    . . .        K - +0 plate armour
rPois   .            E - +0 helmet
rElec   .            A - +0 cloak
rCorr   .            f - +2 pair of gloves {hurl}
SInv    .            p - +0 pair of boots
Will    +++..        O - amulet of the acrobat Stlth
                     M - ring of protection from fire
HPRegen 1.50/turn    D - +4 ring of protection
MPRegen 0.21/turn

%: acrobat
@: berserking, lethally poisoned (-11 -> -11), strong-willed (expiring),
regenerating (expiring), very quick
A: fangs 1, strong nose, distributed training
a: Renounce Religion, Berserk, Trog's Hand, Brothers in Arms


You were on level 12 of the Dungeon.
You worshipped Trog.
Trog was greatly pleased with you.
You visited 2 branches of the dungeon, and saw 17 of its levels.

You collected 976 gold pieces.

Inventory:

Hand Weapons
 a - the +7 hand axe "Wogoterr" (weapon) {venom, rF- rC+ Str+2}
   (You found it on level 2 of the Dungeon)

   Str+2:     It affects your strength (+2).
   rF-:       It makes you vulnerable to fire.
   rC+:       It protects you from cold.
 b - a +2 heavy dire flail
 w - the +0 spear of Serph {flame, rF+ Str+4 SInv}
   (You found it on level 3 of the Dungeon)

   Str+4:     It affects your strength (+4).
   rF+:       It protects you from fire.
   SInv:      It lets you see invisible.
Missiles
 z - 12 boomerangs (quivered)
 G - 11 poisoned darts
 H - a throwing net
 T - 6 atropa-tipped darts
Armour
 f - a +2 pair of gloves of hurling (worn)
 p - a +0 pair of boots (worn)
 A - a +0 cloak (worn)
 E - a +0 helmet (worn)
 J - +0 fire dragon scales
 K - a +0 plate armour (worn)
 S - a +1 chain mail of cold resistance
Jewellery
 i - a ring of ice
 x - a ring of positive energy
 D - a +4 ring of protection (right hand)
 F - a ring of willpower
 M - a ring of protection from fire (left hand)
 N - a ring of resist corrosion
 O - an amulet of the acrobat (around neck)
Wands
 g - a wand of acid (5)
 o - a wand of polymorph (10)
 t - a wand of iceblast (17)
Scrolls
 c - a scroll of blinking
 d - a scroll of immolation
 e - a scroll of fear
 l - 5 scrolls of teleportation
 n - 2 scrolls of brand weapon
 r - 4 scrolls of poison
 s - 2 scrolls of vulnerability
 B - 2 scrolls of fog
 C - a scroll of identify
 L - a scroll of enchant weapon
 R - 2 scrolls of summoning {unknown}
Potions
 h - 8 potions of curing
 j - 2 potions of attraction
 k - 2 potions of mutation
 m - a potion of invisibility
 q - 3 potions of haste
 v - a potion of might
 y - 4 potions of lignification
 I - 5 potions of heal wounds


   Skills:
 + Level 12.1 Fighting
 + Level 10.3 Short Blades
 + Level 10.3 Long Blades
 + Level 12.1 Axes
 + Level 10.3 Maces & Flails
 + Level 10.3 Polearms
 + Level 10.3 Staves
 + Level 10.3 Ranged Weapons
 + Level 10.3 Throwing
 + Level 11.3 Armour
 + Level 11.3 Dodging
 + Level 10.3 Stealth
 + Level 10.3 Shields
 + Level 10.3 Unarmed Combat
 + Level 10.3 Spellcasting
 + Level 8.7 Conjurations
 + Level 8.7 Hexes
 + Level 8.7 Summonings
 + Level 8.7 Necromancy
 + Level 8.7 Translocations
 + Level 8.7 Transmutations
 + Level 8.7 Fire Magic
 + Level 8.7 Ice Magic
 + Level 8.7 Air Magic
 + Level 8.7 Earth Magic
 + Level 8.7 Poison Magic
 + Level 11.2 Invocations
 + Level 10.3 Evocations
 + Level 9.5 Shapeshifting


You had 34 spell levels left.
You didn't know any spells.
Your spell library was empty.

Dungeon Overview and Level Annotations

Branches:
Dungeon (12/15)            Temple (0/1) D:5            Lair (5/5) D:8
  Swamp (0/4) Lair:3       Spider (0/4) Lair:2        Slime (0/5) Lair:5
    Orc (0/2) D:9

Altars:
Kikubaaqudgha
Nemelex Xobeh
Trog
Vehumet
Wu Jian
The Shining One
Jiyva
Lugonu

Portals:
Abyss: Lair:5


Innate Abilities, Weirdness & Mutations

You have very sharp teeth.
Your uncanny sense of smell can sniff out nearby items.
Your experience applies equally to all skills.


Message History

You slash the killer bee!
You kill the killer bee!
Trog accepts your kill.
You feel sick.
You hear some strange, mumbled words.
A puff of flame appears from out of thin air!
Deactivating autopickup; reactivate with Ctrl-A.
The puff of flame hits you but does no damage.
You barely miss the stone giant.
You bite the stone giant, but do no damage.
A vampire mosquito comes into view.
The vampire mosquito buzzes angrily.
You slash the stone giant!
The stone giant is poisoned.
The stone giant is lightly wounded.
You feel sick. The stone giant hits you!!
* * * LOW HITPOINT WARNING * * *
A queen bee comes into view.
You completely miss the stone giant.
The stone giant is lightly wounded.
The queen bee buzzes angrily.
You slash the stone giant!
The stone giant looks as sick as possible!
The stone giant is moderately wounded.
You feel sick. The stone giant hits you!!
* * * LOW HITPOINT WARNING * * *
An orc warlord comes into view. It is wielding a +0 long sword.
You slash the stone giant!
The stone giant looks as sick as possible!
The stone giant is moderately wounded.
You feel the effects of Trog's Hand fading.
A killer bee comes into view.
The killer bee buzzes angrily.
You slash the stone giant!
The stone giant looks as sick as possible!
You punch the stone giant!
The stone giant is severely wounded.
You feel sick.
The orc warlord roars a battlecry!
The stone giant hits you!
You die...

....
#.............##
##...........##
###........###
#.#.......## #.
##.......## .y ∆
##..^#.## .. o
##.....# y#C.. ∆
∆
##...##)#yy..#∆
#.#..##@C{y.#
###.###†###....
#..# .†. #.
#.###...# #.#
..#.. ###### ###


You could see an orc warlord, a stone giant (extremely poisoned), a cyclops, a
queen bee and 4 killer bees.

Vanquished Creatures
  Snorg (Lair:4)
  Erolcha (D:11)
  4 hydras
  2 alligators (Lair:4)
  2 catoblepae
  An anaconda (Lair:4)
  4 boulder beetles
  6 two-headed ogres
  7 death yaks
  2 thrashing horrors (Lair:5)
  3 skysharks
  A fire crab (Lair:2)
  Pikel (D:5)
  Maurice (D:10)
  3 manticores
  5 ugly things
  18 elephants
  5 black mambas
  Joseph (D:9)
  2 torpor snails
  2 smoke demons (Lair:5)
  A gargoyle (D:12)
  Maggie (D:7)
  3 unseen horrors (D:12)
  18 cane toads
  2 kobold demonologists (D:12)
  2 unseen horror zombies (D:10)
  Psyche (D:11)
  3 rime drakes
  13 komodo dragons
  3 trolls
  A meliai (D:12)
  3 polar bears
  A hornet (shapeshifter) (Lair:5)
  A raiju (Lair:5)
  Grinder (D:4)
  6 dream sheep
  21 blink frogs
  5 shadows
  4 slime creatures (D:12)
  4 culicivoras (Lair:2)
  3 wraiths
  3 ynoxinuls (Lair:5)
  2 wyverns (Lair:5)
  A vampire (D:11)
  Eustachio (D:5)
  10 basilisks
  45 yaks
  3 steam dragons
  2 chaos spawn (Lair:5)
  8 vampire mosquitoes (D:12)
  4 acid dragons
  13 water moccasins
  7 orc warriors
  2 ice beasts
  A black bear (Lair:1)
  5 small abominations (Lair:5)
  An ogre (D:4)
  11 wolves
  2 centaurs
  3 lemures (D:5)
  A phantom (D:5)
  A kobold brigand (D:10)
  13 bullfrogs
  A necrophage (D:10)
  11 scorpions
  A gnoll sergeant (D:8)
  8 wights
  3 jellies
  37 killer bees
  An electric eel (Lair:4)
  3 centaur zombies (D:10)
  A human zombie (D:10)
  8 hounds
  A gnoll bouda (D:8)
  10 orc priests
  A sleepcap (D:6)
  2 hell rats (Lair:4)
  4 iguanas (D:5)
  14 orc wizards
  A human simulacrum (D:11)
  A mummy (D:10)
  2 howler monkey zombies (D:10)
  6 adders
  18 gnolls
  3 white imps (D:6)
  2 ufetubi (D:6)
  2 worms
  2 dart slugs
  45 orcs
  6 endoplasms
  2 giant cockroaches
  6 goblins
  9 hobgoblins
  2 jackals (D:2)
  8 kobolds
  3 quokkas
  7 ball pythons
  9 bats
  A frilled lizard (D:1)
  4 rats
553 creatures vanquished.

Vanquished Creatures (collateral kills)
  A death yak (Lair:2)
  A troll (D:12)
  A vampire mosquito (D:12)
3 creatures vanquished.

Vanquished Creatures (others)
  An arcanist (D:6)
  A sky beast (D:6)
  A human simulacrum (D:11)
3 creatures vanquished.

Grand Total: 559 creatures vanquished

Notes
Turn   | Place    | Note
-------+----------+-------------------------------------------
     0 | D:1      | jejorda2 the Gnoll Berserker began the quest for the Orb.
     0 | D:1      | Reached XP level 1. HP: 23/23 MP: 1/1
   227 | D:1      | Reached XP level 2. HP: 29/29 MP: 2/2
   927 | D:2      | Reached XP level 3. HP: 30/35 MP: 3/3
   980 | D:2      | Reached skill level 1 in Invocations
   981 | D:2      | Reached skill level 1 in Short Blades
   981 | D:2      | Reached skill level 1 in Long Blades
   981 | D:2      | Reached skill level 1 in Maces & Flails
   981 | D:2      | Reached skill level 1 in Polearms
   981 | D:2      | Reached skill level 1 in Staves
   981 | D:2      | Reached skill level 1 in Ranged Weapons
   981 | D:2      | Reached skill level 1 in Throwing
   981 | D:2      | Reached skill level 1 in Stealth
   981 | D:2      | Reached skill level 1 in Shields
   981 | D:2      | Reached skill level 1 in Unarmed Combat
   981 | D:2      | Reached skill level 1 in Spellcasting
   981 | D:2      | Reached skill level 1 in Evocations
  1090 | D:2      | Reached XP level 4. HP: 37/41 MP: 5/5
  1098 | D:2      | Reached skill level 1 in Shapeshifting
  1111 | D:2      | Identified the +7 hand axe "Wogoterr" {venom, rF- rC+
                  | Str+2}
  1160 | D:2      | Reached ** piety under Trog
  1188 | D:2      | Reached skill level 1 in Conjurations
  1188 | D:2      | Reached skill level 1 in Hexes
  1188 | D:2      | Reached skill level 1 in Summonings
  1188 | D:2      | Reached skill level 1 in Necromancy
  1188 | D:2      | Reached skill level 1 in Translocations
  1188 | D:2      | Reached skill level 1 in Transmutations
  1188 | D:2      | Reached skill level 1 in Fire Magic
  1188 | D:2      | Reached skill level 1 in Ice Magic
  1188 | D:2      | Reached skill level 1 in Air Magic
  1188 | D:2      | Reached skill level 1 in Earth Magic
  1188 | D:2      | Reached skill level 1 in Poison Magic
  1261 | D:2      | Identified the +2 mace "Alezuttu" {flame, Str+2}
  1378 | D:2      | Identified the +7 long sword "Grim Tooth" {spect, rN+ Str+3
                  | Int-3}
  1506 | D:3      | Found a faded altar of an unknown god.
  1588 | D:3      | Reached XP level 5. HP: 47/47 MP: 6/6
  1870 | D:3      | Identified the +0 spear of Serph {flame, rF+ Str+4 SInv}
  1923 | D:3      | Found a glowing golden altar of the Shining One.
  2074 | D:3      | You fall into a shaft and drop 3 floors!
  2084 | D:6      | Noticed a shadow
  2094 | D:6      | Killed a shadow
  2095 | D:6      | Reached skill level 5 in Armour
  2095 | D:6      | Reached skill level 5 in Dodging
  2095 | D:6      | Reached XP level 6. HP: 22/53 MP: 7/9
  2227 | D:6      | Found a radiant altar of Vehumet.
  2232 | D:6      | Noticed a sky beast
  2237 | D:6      | Killed a sky beast
  2242 | D:6      | Reached XP level 7. HP: 50/59 MP: 10/10
  2651 | D:6      | Reached XP level 8. HP: 60/67 MP: 12/12
  2736 | D:6      | Found a bloodstained altar of Trog.
  2739 | D:6      | Noticed an arcanist
  2744 | D:6      | Killed an arcanist
  3057 | D:6      | Reached *** piety under Trog
  3302 | D:5      | Entered Level 5 of the Dungeon
  4026 | D:4      | Noticed Grinder
  4040 | D:4      | Killed Grinder
  4418 | D:5      | Found an ornate altar of the Wu Jian Council.
  4495 | D:5      | Reached XP level 9. HP: 59/73 MP: 14/14
  4536 | D:5      | Found a staircase to the Ecumenical Temple.
  4561 | D:5      | Noticed Eustachio
  4571 | D:5      | Killed Eustachio
  4702 | D:5      | Noticed Pikel
  4723 | D:5      | Killed Pikel
  5007 | D:5      | Reached skill level 5 in Invocations
  5407 | D:7      | Reached **** piety under Trog
  5558 | D:7      | Noticed Maggie
  5571 | D:7      | Killed Maggie
  5572 | D:7      | Reached XP level 10. HP: 80/80 MP: 17/17
  5632 | D:7      | Reached skill level 5 in Short Blades
  5632 | D:7      | Reached skill level 5 in Long Blades
  5632 | D:7      | Reached skill level 5 in Maces & Flails
  5632 | D:7      | Reached skill level 5 in Polearms
  5632 | D:7      | Reached skill level 5 in Staves
  5632 | D:7      | Reached skill level 5 in Ranged Weapons
  5632 | D:7      | Reached skill level 5 in Throwing
  5632 | D:7      | Reached skill level 5 in Stealth
  5632 | D:7      | Reached skill level 5 in Shields
  5632 | D:7      | Reached skill level 5 in Unarmed Combat
  5632 | D:7      | Reached skill level 5 in Spellcasting
  5632 | D:7      | Reached skill level 5 in Evocations
  6041 | D:7      | Noticed a two-headed ogre
  6051 | D:7      | Killed a two-headed ogre
  6258 | D:8      | Identified a scroll of acquirement
  6258 | D:8      | Acquired a +2 pair of gloves of hurling
  6444 | D:8      | Reached skill level 5 in Shapeshifting
  6715 | D:8      | Found a sparkling altar of Nemelex Xobeh.
  6987 | D:8      | Found a staircase to the Lair.
  7599 | D:9      | Found a staircase to the Orcish Mines.
  7611 | D:9      | Reached XP level 11. HP: 72/89 MP: 19/19
  7626 | D:9      | Reached skill level 5 in Conjurations
  7626 | D:9      | Reached skill level 5 in Hexes
  7626 | D:9      | Reached skill level 5 in Summonings
  7626 | D:9      | Reached skill level 5 in Necromancy
  7626 | D:9      | Reached skill level 5 in Translocations
  7626 | D:9      | Reached skill level 5 in Transmutations
  7626 | D:9      | Reached skill level 5 in Fire Magic
  7626 | D:9      | Reached skill level 5 in Ice Magic
  7626 | D:9      | Reached skill level 5 in Air Magic
  7626 | D:9      | Reached skill level 5 in Earth Magic
  7626 | D:9      | Reached skill level 5 in Poison Magic
  7834 | D:9      | Noticed a two-headed ogre
  7839 | D:9      | Killed a two-headed ogre
  7927 | D:9      | Noticed a two-headed ogre
  7936 | D:9      | Killed a two-headed ogre
  7987 | D:9      | Noticed Joseph
  7999 | D:9      | Killed Joseph
  8625 | D:10     | Entered Level 10 of the Dungeon
  8625 | D:10     | Noticed Maurice
  8629 | D:10     | Maurice stole the +0 spear of Serph {flame, rF+ Str+4 SInv}
  8637 | D:10     | Killed Maurice
  8689 | D:10     | Noticed a two-headed ogre
  8695 | D:10     | Killed a two-headed ogre
  9045 | D:10     | Noticed a two-headed ogre
  9051 | D:10     | Killed a two-headed ogre
  9290 | D:10     | Found an ancient bone altar of Kikubaaqudgha.
  9383 | D:10     | Reached XP level 12. HP: 91/97 MP: 22/22
  9561 | D:11     | Noticed a boulder beetle
  9580 | D:11     | Killed a boulder beetle
  9591 | D:11     | Noticed a two-headed ogre
  9600 | D:11     | Killed a two-headed ogre
  9638 | D:11     | Identified the +1 robe "Pygafoigu" {Str+3}
  9720 | D:11     | Noticed Erolcha
  9733 | D:11     | Killed Erolcha
 10069 | D:11     | Reached skill level 10 in Fighting
 10069 | D:11     | Reached skill level 10 in Axes
 10408 | D:11     | Noticed Psyche
 10415 | D:11     | Killed Psyche
 10605 | Lair:1   | Entered Level 1 of the Lair of Beasts
 10994 | Lair:1   | Noticed a boulder beetle
 11009 | Lair:1   | Killed a boulder beetle
 11274 | Lair:1   | Identified the +0 robe of the Rhinotaur {rCorr Str+4 Int-4}
 11944 | Lair:2   | Found a hole to the Spider Nest.
 11979 | Lair:2   | Noticed a catoblepas
 11994 | Lair:2   | Killed a catoblepas
 11995 | Lair:2   | Reached XP level 13. HP: 104/104 MP: 23/25
 13521 | Lair:3   | Found a staircase to the Swamp.
 14813 | Lair:3   | Reached skill level 10 in Armour
 14813 | Lair:3   | Reached skill level 10 in Dodging
 15380 | Lair:4   | Reached XP level 14. HP: 78/113 MP: 25/27
 15976 | Lair:4   | Reached skill level 10 in Invocations
 16088 | Lair:4   | Noticed Snorg
 16459 | Lair:4   | Killed Snorg
 17322 | Lair:4   | Identified the staff "Qusao" {rPois Int+3 Poison}
 17894 | Lair:5   | Entered Level 5 of the Lair of Beasts
 18324 | Lair:5   | Identified the +0 scale mail of the Centaur {Fly rCorr
                  | Dex-2}
 18835 | Lair:5   | Reached ***** piety under Trog
 19264 | Lair:5   | Reached XP level 15. HP: 110/120 MP: 28/28
 19554 | Lair:5   | Reached skill level 10 in Short Blades
 19554 | Lair:5   | Reached skill level 10 in Long Blades
 19554 | Lair:5   | Reached skill level 10 in Maces & Flails
 19554 | Lair:5   | Reached skill level 10 in Polearms
 19554 | Lair:5   | Reached skill level 10 in Staves
 19554 | Lair:5   | Reached skill level 10 in Ranged Weapons
 19554 | Lair:5   | Reached skill level 10 in Throwing
 19554 | Lair:5   | Reached skill level 10 in Stealth
 19554 | Lair:5   | Reached skill level 10 in Shields
 19554 | Lair:5   | Reached skill level 10 in Unarmed Combat
 19554 | Lair:5   | Reached skill level 10 in Spellcasting
 19554 | Lair:5   | Reached skill level 10 in Evocations
 19855 | Lair:5   | Found a corrupted altar of Lugonu.
 19855 | Lair:5   | Found a one-way gate to the infinite horrors of the Abyss.
 19942 | Lair:5   | Identified the staff "Itogg" {rF+ rC+ Earth}
 20076 | Lair:5   | Found a radiant altar of Vehumet.
 20354 | Lair:5   | Found a viscous altar of Jiyva.
 20354 | Lair:5   | Found a staircase to the Slime Pits.
 20893 | D:12     | Received a gift from Trog
 22073 | D:12     | HP: 6/180 [stone giant (19)]
 22073 | D:12     | Noticed an orc warlord
 22075 | D:12     | Mangled by a stone giant

Illustrated notes

Levels and vault maps discovered:
D:1:      lemuel_arrival_behind_the_door_large, layout_basic, minivault_23
D:2:      layout_rooms
D:3:      layout_loops_corners, mainiacjoe_overflow_catwalk,
          dreamdust_ecumenical_altar_grove, minmay_misc_feat_enclosed,
          kennysheep_generic_room_12
D:4:      layout_rooms, minivault_1, roderic_roman_lattice, chequers_big_river,
          uniq_grinder
D:5:      layout_basic, mainiacjoe_overflow_six_doors_small,
          minmay_temple_entry_slanted, uniq_eustachio, uniq_pikel
D:6:      layout_basic, trog_wizard, amcnicky_altar_gilded
D:7:      layout_basic, interstate_on_off, uniq_maggie
D:8:      layout_loops_ring, kennysheep_mini, lair_entry_dummy,
          grunt_ministairs_5
D:9:      layout_roguey, david_orc_5, uniq_joseph
D:10:     layout_roguey, lemuel_mausoleum_altar_kikubaaqudgha, uniq_maurice
D:11:     layout_cave_pools, bh_circular_ruins, uniq_psyche, uniq_erolcha
D:12:     regret_index_bee_streams, layout_irregular_city
Lair:1:   layout_cave_pods, nzn_sisyphean_effort
Lair:2:   layout_hall_layers, hellmonk_spider_entry_life_and_decay
Lair:3:   layout_hall_layers, swamp_mist, grunt_megastairs_1
Lair:4:   nzn_winding_woodlands_cross [nzn_winding_woodlands_5x15_default,
          nzn_winding_woodlands_5x15_pockets,
          nzn_winding_woodlands_5x15_split_checker,
          nzn_winding_woodlands_5x15_sawtooth,
          nzn_winding_woodlands_15x15_five_gardens], layout_gridlike,
          nicolae_lair_lakeside_cave, uniq_snorg
Lair:5:   hellmonk_lair_end_abyssal_woods, layout_misc_corridors,
          dpeg_slime_entry_enclosed, basic_altar, patterned_corridor,
          grunt_megastairs_4, infiniplex_staircase_pool_2

Skill      XL: |  1  2  3  4  5  6  7  8  9 10 11 12 13 14 15 |
---------------+----------------------------------------------+-----
Invocations    | 1 2 3 4 5 6 7 8 9 10 11 | 11.2
Short Blades   | 1 2 3 4 5 6 8 9 10 | 10.3
Long Blades    | 1 2 3 4 5 6 8 9 10 | 10.3
Maces & Flails | 1 2 3 4 5 6 8 9 10 | 10.3
Polearms       | 1 2 3 4 5 6 8 9 10 | 10.3
Staves         | 1 2 3 4 5 6 8 9 10 | 10.3
Ranged Weapons | 1 2 3 4 5 6 8 9 10 | 10.3
Throwing       | 1 2 3 4 5 6 8 9 10 | 10.3
Stealth        | 1 2 3 4 5 6 8 9 10 | 10.3
Shields        | 1 2 3 4 5 6 8 9 10 | 10.3
Unarmed Combat | 1 2 3 4 5 6 8 9 10 | 10.3
Spellcasting   | 1 2 3 4 5 6 8 9 10 | 10.3
Evocations     | 1 2 3 4 5 6 8 9 10 | 10.3
Shapeshifting  | 1 2 3 4 5 6 7 8 9 |  9.5
Conjurations   | 1 2 3 4 5 6 7 8 |  8.7
Hexes          | 1 2 3 4 5 6 7 8 |  8.7
Summonings     | 1 2 3 4 5 6 7 8 |  8.7
Necromancy     | 1 2 3 4 5 6 7 8 |  8.7
Translocations | 1 2 3 4 5 6 7 8 |  8.7
Transmutations | 1 2 3 4 5 6 7 8 |  8.7
Fire Magic     | 1 2 3 4 5 6 7 8 |  8.7
Ice Magic      | 1 2 3 4 5 6 7 8 |  8.7
Air Magic      | 1 2 3 4 5 6 7 8 |  8.7
Earth Magic    | 1 2 3 4 5 6 7 8 |  8.7
Poison Magic   | 1 2 3 4 5 6 7 8 |  8.7
Armour         | 5 6 7 8 9 10 11 | 11.3
Dodging        | 5 6 7 8 9 10 11 | 11.3
Fighting       | 7 8 9 10 11 12 | 12.1
Axes           | 7 8 9 10 11 12 | 12.1

Action                     |  1- 3 |  4- 6 |  7- 9 | 10-12 | 13-15 || total
---------------------------+-------+-------+-------+-------+-------++-------
  Melee: Hand axe          |    65 |    40 |    60 |   514 |  1139 ||  1818
         Bite              |     9 |     5 |    13 |    89 |   233 ||   349
         Punch             |     1 |     2 |     6 |     3 |     3 ||    15
         Long sword        |       |    31 |   136 |    36 |       ||   203
         Spear             |       |       |       |    40 |    40 ||    80
         Morningstar       |       |       |       |       |    53 ||    53
         Dire flail        |       |       |       |       |    72 ||    72
  Throw: Dart              |       |       |       |    10 |    27 ||    37
         Boomerang         |       |       |       |     5 |     9 ||    14
 Invoke: Berserk           |     1 |     1 |     5 |    16 |    25 ||    48
         Trog's Hand       |       |       |     2 |    10 |    12 ||    24
         Brothers in Arms  |       |       |       |       |     2 ||     2
    Use: Scroll            |       |       |       |    21 |     8 ||    29
         Potion            |       |       |       |       |     2 ||     2
   Stab: Sleeping          |     3 |       |       |       |       ||     3
         Distracted        |       |       |     1 |     1 |       ||     2
 Armour: Animal skin       |    10 |       |       |       |       ||    10
         Chain mail        |    34 |    50 |   134 |       |       ||   218
         Plate armour      |       |       |       |   430 |  1076 ||  1506
         Acid dragon scale |       |       |       |     4 |       ||     4
  Dodge: Dodged            |    25 |    36 |    79 |   211 |   568 ||   919
  Block: Buckler           |       |       |       |   116 |   304 ||   420

Table legend: (Time is in decaauts)
 A = Elapsed time spent in this place.
 B = Non-inter-level travel time spent in this place.
 C = Inter-level travel time spent in this place.
 D = Time resting spent in this place.
 E = Time spent auto-exploring this place.
 F = Levels seen in this place.
 G = Mean time per level.
                   A        B        C        D        E       F      G
               +--------+--------+--------+--------+--------+-----+--------+
         Total |  22157 |  21101 |   1056 |   3218 |  13789 |  17 | 1303.4 |
       Dungeon |  12241 |  11534 |    707 |   1506 |   7885 |  12 | 1020.1 |
          Lair |   9916 |   9567 |    349 |   1711 |   5904 |   5 | 1983.2 |
               +--------+--------+--------+--------+--------+-----+--------+

Top non-repeatable levels by time:
  Lair:4: 2464 daAuts
  Lair:3: 2370 daAuts
  Lair:5: 2269 daAuts
  Lair:1: 1525 daAuts
    D:11: 1385 daAuts
     D:6: 1342 daAuts
  Lair:2: 1285 daAuts
     D:8: 1248 daAuts
     D:9: 1114 daAuts
    D:12: 1060 daAuts
     D:7: 1014 daAuts
     D:5: 952 daAuts
    D:10: 923 daAuts
     D:3: 918 daAuts
     D:1: 912 daAuts
